 Dungeon Crawl Stone Soup version 0.17-a0-2101-g0c122e7 (webtiles) character file.

966 hexophile the Cleaver (level 8, 0/63 HPs)
             Began as a Hill Orc Gladiator on Oct 12, 2015.
             Was an Initiate of Cheibriados.
             Slain by an ogre
             ... wielding a +0 giant club
              (17 damage)
             ... on level 5 of the Dungeon on Oct 18, 2015.
             The game lasted 00:12:01 (5163 turns).

hexophile the Cleaver (Hill Orc Gladiator)          Turns: 5163, Time: 00:12:01

Health: 0/63       AC:  4    Str: 19    XL:     8   Next: 15%
Magic:  2/8        EV: 12    Int: 10    God:    Cheibriados [......]
Gold:   133        SH:  0    Dex: 13    Spells: 0 memorised, 7 levels left

rFire  + . .     SeeInvis .     a - +1 war axe
rCold  . . .     Clarity  .     l - +0 leather armour {rF+} {rF+}
rNeg   . . .     SustAt   .     (no shield)
rPois  .         Gourm    .     c - +0 helmet
rElec  .         Spirit   .     (no cloak)
rCorr  .         Warding  .     (no gloves)
rMut   .         Stasis   .     (no boots)
MR     .....                    (no amulet)
Stlth  +.........               (no ring)
                                (no ring)

@: very slow, not resistant to hostile enchantments, very unstealthy
A: no striking features
a: Bend Time, Renounce Religion


You were on level 5 of the Dungeon.
You worshipped Cheibriados.
Cheibriados was noncommittal.
You were not hungry.

You visited 2 branches of the dungeon, and saw 6 of its levels.
You also visited: Ossuary.

You collected 133 gold pieces.

Inventory:

Hand Weapons
 a - a +1 war axe (weapon)
 t - a +1 spear of chaos
 u - a +0 club of chaos
Missiles
 d - 11 poisoned needles
 F - 13 throwing nets (quivered) {+f}
Armour
 c - a +0 helmet (worn)
 l - a +0 leather armour of fire resistance (worn) {rF+}
Wands
 o - a wand of hasting (2)
 s - a wand of enslavement (11)
Scrolls
 b - a scroll of enchant weapon
 h - 5 scrolls of teleportation
 j - a scroll of identify
 r - a scroll of remove curse
Potions
 f - a potion of lignification
 g - a potion of resistance {unknown}
 i - a potion of invisibility
 k - 2 potions of ambrosia
 p - 3 potions of haste
Comestibles
 e - 3 bread rations
 n - 6 chunks of flesh
 x - a meat ration


You had 7 spell levels left.
You didn't know any spells.


   Skills:
 + Level 3.4 Fighting
 * Level 12.0 Axes
 - Level 1.7 Throwing
 - Level 2.4 Dodging

Dungeon Overview and Level Annotations

Branches:
Dungeon (5/15)             Temple (1/1) D:5

Altars:
Cheibriados
Dithmenos
Elyvilon
Gozag
Kikubaaqudgha
Makhleb
Nemelex Xobeh
Okawaru
Qazlal
Trog
Vehumet
Xom
Zin
The Shining One

Vault maps used:
D:1:      onia_arrival_zoo_common
D:2:      kiku_gazebo_garden_becter, tgw_xom, hangedman_decor_push,
          minmay_rat_hole
D:3:      first_bread, elyvilon_altar_1, uniq_natasha
D:4:      enter_ossuary_1, dk_rats_in_the_wall
D:5:      zin_treasury, minmay_temple_entry_hall
Temple:   triangle_lava_temple_11
Ossuary:  ossuary_the_hunt_dpeg
You       could see an ogre.


Message History

Things that are here:
a dagger; a robe An ogre comes into view.
It is wielding a giant club.
The ogre shouts!
You regained 13 hp, and now have 58/63 hp.
Use which ability?
Okay, then.
Evoke which item? (* to show all) (? for menu, Esc to quit)
Zapping:
s - a wand of enslavement (13)
Press: ? - help, Shift-Dir - straight line, f - ogre
Aim: an ogre, wielding a giant club (chance to defeat MR: 46%)
The ogre resists with some effort.
This wand has 12 charges left.
Evoke which item? (* to show all) (? for menu, Esc to quit)
Zapping:
s - a wand of enslavement (12)
Press: ? - help, Shift-Dir - straight line, f/p - ogre
Aim: an ogre, wielding a giant club (chance to defeat MR: 46%)
The ogre is charmed.
This wand has 11 charges left.
You swap places.
The ogre is no longer charmed.
The ogre hits you with a giant club.
You take 2 damage, and have 60/63 hp.
The ogre misses you.
You hit the ogre.
The ogre is lightly wounded.
The ogre hits you with a giant club!!
You take 22 damage, and have 39/63 hp.
MASSIVE DAMAGE!!
You slash the ogre!
The ogre is heavily wounded.
Use which ability?
The flow of time bends around you.
The ogre resists with some effort.
You feel slightly more hungry. The ogre hits you with a giant club!!
* * * LOW HITPOINT WARNING * * *
You take 20 damage, and have 19/63 hp.
MASSIVE DAMAGE!!
You now have 5/8 mp.
Unknown command.
Use which ability?
The flow of time bends around you.
Cheibriados rebukes the ogre.
The ogre seems to slow down.
You feel slightly more hungry. The ogre hits you with a giant club!
* * * LOW HITPOINT WARNING * * *
You take 12 damage, and have 7/63 hp.
You now have 2/8 mp.
Unknown command.
Drink which item? (? for menu, Esc to quit)
You feel better.
You regained 10 hp, and now have 17/63 hp.
You hit the ogre but do no damage.
The ogre is heavily wounded.
You slash the ogre!
The ogre is severely wounded.
The ogre hits you with a giant club!
You die...

Action                   |  1- 3 |  4- 6 |  7- 9 || total
-------------------------+-------+-------+-------++-------
Melee: War axe           |   102 |   136 |    97 ||   335
       Spear             |       |     4 |       ||     4
Throw: Throwing net      |       |     3 |       ||     3
Invok: Bend Time         |       |       |     2 ||     2
Evoke: Wand              |       |       |     2 ||     2
  Use: Potion            |       |     4 |     4 ||     8
       Scroll            |       |       |    10 ||    10
  Eat: Chunk             |     1 |     1 |       ||     2
       Bread ration      |       |     2 |     1 ||     3

Notes
Turn   | Place    | Note
--------------------------------------------------------------
     0 | D:1      | hexophile the Hill Orc Gladiator began the quest for the Orb.
     0 | D:1      | Reached XP level 1. HP: 18/18 MP: 1/1
     6 | D:1      | Noticed a killer bee
     6 | D:1      | Noticed a polar bear
     7 | D:1      | Noticed an anaconda
     7 | D:1      | Noticed a swamp drake
   131 | D:1      | Reached XP level 2. HP: 25/25 MP: 2/2
   410 | D:1      | Reached skill level 5 in Axes
   558 | D:2      | Found an ancient bone altar of Kikubaaqudgha.
   891 | D:2      | Reached XP level 3. HP: 27/30 MP: 3/3
  1194 | D:2      | Reached skill level 6 in Axes
  1328 | D:2      | Found a shimmering altar of Xom.
  1333 | D:2      | Reached XP level 4. HP: 37/37 MP: 4/4
  1819 | D:3      | Noticed Natasha
  1825 | D:3      | Killed Natasha
  1883 | D:3      | Noticed Natasha
  1888 | D:3      | Killed Natasha
  1888 | D:3      | Reached skill level 7 in Axes
  1967 | D:3      | Noticed Natasha
  1977 | D:3      | Killed Natasha
  2003 | D:3      | Reached XP level 5. HP: 32/42 MP: 5/5
  2026 | D:3      | Upgraded the game from 0.17-a0-2055-gb4e23be to 0.17-a0-2101-g0c122e7
  2097 | D:3      | Found a white marble altar of Elyvilon.
  2530 | D:4      | Reached skill level 8 in Axes
  2553 | D:4      | Reached XP level 6. HP: 27/50 MP: 6/6
  2615 | D:4      | Reached skill level 9 in Axes
  2628 | D:4      | HP: 2/50 [river rat (6)]
  2889 | D:4      | Found a sand-covered staircase.
  2898 | Ossuary  | Entered an ossuary
  3147 | Ossuary  | Reached skill level 10 in Axes
  3147 | Ossuary  | Reached XP level 7. HP: 26/56 MP: 7/7
  3984 | D:5      | Entered Level 5 of the Dungeon
  4026 | D:5      | Found a staircase to the Ecumenical Temple.
  4050 | D:5      | Noticed cireshan's ghost (novice DECj)
  4054 | Temple   | Entered the Ecumenical Temple
  4124 | Temple   | Became a worshipper of Cheibriados the Contemplative
  4189 | D:5      | Killed cireshan's ghost
  4189 | D:5      | Reached skill level 11 in Axes
  4516 | D:5      | Reached XP level 8. HP: 18/62 MP: 8/8
  4754 | D:5      | Found a glowing silver altar of Zin.
  4822 | D:5      | Reached skill level 3 in Fighting
  4998 | D:5      | Reached skill level 12 in Axes
  5163 | D:5      | Slain by an ogre

Table legend:
 A = Turns spent in this place as a percentage of turns spent in the entire game.
 B = Non-inter-level travel turns spent in this place as a percentage of non-inter-level travel turns spent in the entire game.
 C = Inter-level travel turns spent in this place as a percentage of turns spent in this place.
 D = Turns resting spent in this place as a percentage of non-inter-level travel turns spent in this place.
 E = Turns spent auto-exploring this place as a percentage of non-inter-level travel turns spent in this place.
 F = Non-inter-level travel turns spent in this place divided by the number of levels of this place that you've seen.
                   A       B       C       D       E      F
               +-------+-------+-------+-------+-------+----------------------
         Total | 100.0 | 100.0 |   0.3 |   2.5 |   7.1 | 235.0
       Dungeon |  76.0 |  75.9 |   0.4 |   1.8 |   9.4 | 249.8
        Temple |   5.3 |   5.3 |   0.0 |   0.0 |   0.0 |  87.0
       Ossuary |  18.7 |  18.8 |   0.0 |   5.8 |   0.0 | 309.0
               +-------+-------+-------+-------+-------+----------------------

Table legend:
 A = Kills in this place as a percentage of kills in entire the game.
 B = Kills by you in this place as a percentage of kills by you in the entire game.
 C = Kills by friends in this place as a percentage of kills by friends in the entire game.
 D = Other kills in this place as a percentage of other kills in the entire game.
 E = Experience gained in this place as a percentage of experience gained in the entire game.
 F = Experience gained in this place divided by the number of levels of this place that you have seen.
                   A       B       C       D       E      F
               +-------+-------+-------+-------+-------+----------------------
         Total | 100.0 | 100.0 |  -nan |  -nan | 100.0 | 197.3
       Dungeon |  89.2 |  89.2 |  -nan |  -nan |  72.9 | 201.4
       Ossuary |  10.8 |  10.8 |  -nan |  -nan |  27.1 | 374.0
               +-------+-------+-------+-------+-------+----------------------

Vanquished Creatures
  The ghost of cireshan the Conjurer, a novice DECj (D:5)
  A centaur (D:5)
  A giant frog (D:4)
  4 centaur zombies (Ossuary)
  A giant frog skeleton (D:4)
  An orc wizard (D:5)
  Natasha (thrice) (D:3)
  An iguana (D:5)
  A worker ant (D:4)
  3 big kobold zombies (Ossuary)
  6 mummies (Ossuary)
  A gnoll (D:2)
  6 river rats (D:4)
  5 adders
  An ooze (D:3)
  An adder skeleton (D:4)
  4 worms
  A giant gecko (D:1)
  6 orcs
  4 giant cockroaches
  8 hobgoblins
  4 kobolds
  A quokka (D:2)
  A ball python (D:2)
  4 bats
  A giant cockroach zombie (D:5)
  4 giant newts
  4 goblins
  41 rats
120 creatures vanquished.
